 Dungeon Crawl Stone Soup version 0.26-a0-664-gc8b27b8fc1 (webtiles) character file.

Game seed: 18215057022744495393

1380 Xerfei the Cudgeler (level 8, -3/70 HPs)
             Began as a Minotaur Monk on Oct 13, 2020.
             Shot with an arrow by a centaur (8 damage)
             ... on level 5 of the Dungeon.
             The game lasted 00:23:53 (5997 turns).

Xerfei the Cudgeler (Minotaur Monk)                 Turns: 5997, Time: 00:23:54

Health: -3/70      AC:  7    Str: 18    XL:     8   Next: 39%
Magic:  7/7        EV: 13    Int:  7    God:
Gold:   146        SH:  0    Dex: 13    Spells: 7/7 levels left

rFire    . . .     SeeInvis .   s - +2 whip (venom)
rCold    . . .     Faith    .   (no shield)
rNeg     . . .     Spirit   .   f - +0 ring mail
rPois    .         Reflect  .   (helmet restricted)
rElec    .         Harm     .   (no cloak)
rCorr    .         Rampage  .   (no gloves)
MR       .....                  r - +0 pair of boots
Stlth    +.........             (no amulet)
HPRegen  0.21/turn              (no ring)
MPRegen  0.10/turn              (no ring)

@: no status effects
A: retaliatory headbutt, horns 2
a: no special abilities


You were on level 5 of the Dungeon.
You visited 1 branch of the dungeon, and saw 5 of its levels.

You collected 146 gold pieces.

Inventory:

Hand Weapons
 e - a +0 spear
 l - a +0 dire flail
 m - a +2 whip of freezing
 s - a +2 whip of venom (weapon)
 w - a +2 scythe of venom
 B - a +0 trident
Armour
 b - a +3 leather armour of cold resistance
 f - a +0 ring mail (worn)
 p - a +0 scale mail
 r - a +0 pair of boots (worn)
Jewellery
 n - a cursed -4 ring of dexterity {unknown}
 t - a cursed ring of see invisible
 y - an uncursed amulet of reflection {unknown}
Scrolls
 c - 5 scrolls of teleportation {unknown}
 d - 2 scrolls of fog {unknown}
 h - 2 scrolls of magic mapping {unknown}
 i - 5 scrolls of identify {unknown}
 k - a scroll of enchant weapon {unknown}
 v - a scroll of immolation {unknown}
 z - a scroll of amnesia {unknown}
 A - a scroll of fear {unknown}
Potions
 a - 2 potions of might {unknown}
 g - a potion of heal wounds
 j - 3 potions of stabbing {unknown}
 o - a potion of resistance {unknown}
 q - 3 potions of degeneration {unknown}
 u - a potion of cancellation {unknown}
 x - a potion of curing {unknown}


   Skills:
 + Level 5.8 Fighting
 * Level 7.3 Maces & Flails
 + Level 5.5 Polearms
 + Level 5.7 Armour
 + Level 4.6 Dodging
 + Level 2.8 Stealth


You had 7 spell levels left.
You didn't know any spells.
Your spell library contained the following spells:

 Spells                   Type           Power        Failure   Level
 Animate Skeleton         Necr           #.....       61%         1
 Pain                     Necr           #...         61%         1
 Vampiric Draining        Necr           #.........   93%         3
 Animate Dead             Necr           #.........   100%        4
 Agony                    Necr           #.......     100%        5


Dungeon Overview and Level Annotations

Branches:
Dungeon (5/15)
 Temple: D:4-7

Altars:
Dithmenos


Innate Abilities, Weirdness & Mutations

You reflexively headbutt those who attack you in melee.
You have a pair of horns on your head.


Message History

You are too injured to fight recklessly!
You are too injured to fight recklessly!
The centaur shouts!
You are too injured to fight recklessly!
You are too injured to fight recklessly!
You are too injured to fight recklessly!
You are too injured to fight recklessly!
You are too injured to fight recklessly!
There is an escape hatch in the floor here.
The ogre hits you with a +0 giant spiked club!
* * * LOW HITPOINT WARNING * * *
The centaur wields a +0 shortbow.
The centaur shoots an arrow.
The arrow hits you.
* * * LOW HITPOINT WARNING * * *
You see here an arrow.
The centaur shoots an arrow.
The arrow hits you.
* * * LOW HITPOINT WARNING * * *
You see here an arrow.
The ogre looks more healthy.
The centaur shoots an arrow.
The arrow hits you!
You die...

#..# #.# #.♣..)..♣.#
#..# #.# #....<....#
.####..# #.#
##....)..## .....[.#
#.# ##.....## #.# #.#
####### #.# #.######
#.# #######)##...#
#.######............#
#>.......O((@..##...#
####.##c....#..###.##
#......#....#..# #.#
.......#....#..#..##
#.#
...##.##....###)..#
#.# #
...##...###.)..# #.#
#.#.....#..#)...# #.#
#......#....#.).# #.#
...##..#.....##.#
#.####


You could see an ogre and a centaur.

Vanquished Creatures
  Sigmund (D:2)
  Eustachio (D:4)
  A phantom (D:4)
  A sky beast (D:3)
  3 ogres (D:4)
  Blork the orc (D:5)
  2 scorpions
  A bullfrog zombie (D:5)
  2 orc wizards (D:5)
  3 orc priests (D:5)
  Natasha (D:2)
  An iguana (D:4)
  2 worker ants
  5 gnolls
  6 adders
  A white imp (D:5)
  An ufetubus (D:5)
  An ooze (D:3)
  2 worms
  3 dart slugs
  6 leopard geckos
  9 orcs
  9 bats
  6 giant cockroaches
  4 goblins
  12 hobgoblins
  9 jackals
  2 quokkas (D:3)
  A frilled lizard (D:3)
  8 kobolds
  A quokka skeleton (D:4)
  7 rats
113 creatures vanquished.

Notes
Turn   | Place    | Note
-------+----------+-------------------------------------------
     0 | D:1      | Xerfei the Minotaur Monk began the quest for the Orb.
     0 | D:1      | Reached XP level 1. HP: 19/19 MP: 0/0
   160 | D:1      | Reached XP level 2. HP: 7/27 MP: 1/1
   404 | D:2      | Noticed Sigmund
   753 | D:1      | Reached XP level 3. HP: 32/33 MP: 2/2
  1271 | D:2      | Reached XP level 4. HP: 41/41 MP: 3/3
  1661 | D:3      | Reached skill level 5 in Polearms
  1664 | D:3      | Reached skill level 1 in Armour
  1990 | D:3      | Reached XP level 5. HP: 36/47 MP: 4/4
  2711 | D:3      | Reached skill level 1 in Maces & Flails
  3230 | D:4      | Noticed Eustachio
  3254 | D:4      | Noticed an ogre
  3259 | D:5      | Entered Level 5 of the Dungeon
  3259 | D:5      | Noticed a sky beast
  3260 | D:5      | Reached skill level 2 in Maces & Flails
  3279 | D:3      | Killed a sky beast
  3279 | D:3      | Reached XP level 6. HP: 48/55 MP: 5/5
  3373 | D:2      | Found a shadowy altar of Dithmenos.
  3580 | D:2      | Noticed Natasha
  3584 | D:2      | Killed Natasha
  3584 | D:2      | Reached skill level 3 in Maces & Flails
  3912 | D:2      | Killed Sigmund
  3912 | D:2      | Reached skill level 5 in Fighting
  4261 | D:4      | Reached skill level 4 in Maces & Flails
  4340 | D:4      | Reached XP level 7. HP: 36/61 MP: 6/6
  4740 | D:4      | Reached skill level 5 in Maces & Flails
  5212 | D:4      | Killed Eustachio
  5212 | D:4      | Reached skill level 6 in Maces & Flails
  5212 | D:4      | Reached skill level 5 in Armour
  5212 | D:4      | Reached XP level 8. HP: 64/69 MP: 7/7
  5628 | D:5      | Noticed Blork the orc
  5641 | D:5      | Killed Blork the orc
  5842 | D:5      | Reached skill level 7 in Maces & Flails
  5997 | D:5      | Shot with an arrow by a centaur

Illustrated notes

Levels and vault maps discovered:
D:1:      scummos_arrival_forest, layout_rooms
D:2:      layout_basic, chequers_serial_rivers_micro_c,
          grunt_dithmenos_smoke_and_mirrors, uniq_sigmund, uniq_natasha
D:3:      layout_rooms
D:4:      layout_basic, uniq_eustachio
D:5:      layout_loops_ring, minmay_misc_feat_columns, grunt_ministairs_9,
          minmay_misc_feat_chi, uniq_blork_the_orc, uniq_duvessa,
          uniq_prince_ribbit1

Skill      XL: |  1  2  3  4  5  6  7  8 |
---------------+-------------------------+-----
Polearms       | 4 5 |  5.5
Fighting       | 4 5 |  5.8
Armour         | 1 2 3 5 |  5.7
Dodging        | 4 |  4.6
Maces & Flails | 2 4 6 7 |  7.3
Stealth        | 2 |  2.8

Action                   |  1- 3 |  4- 6 |  7- 9 || total
-------------------------+-------+-------+-------++-------
Melee: Spear             |   102 |    36 |       ||   138
       Headbutt          |     7 |    18 |    21 ||    46
       Whip              |       |   106 |   110 ||   216
 Stab: Sleeping          |       |     2 |     1 ||     3
Armor: Robe              |     9 |       |       ||     9
       Ring mail         |     4 |    36 |    25 ||    65
Dodge: Dodged            |    44 |    82 |    58 ||   184

Table legend: (Time is in decaauts)
 A = Elapsed time spent in this place.
 B = Non-inter-level travel time spent in this place.
 C = Inter-level travel time spent in this place.
 D = Time resting spent in this place.
 E = Time spent auto-exploring this place.
 F = Levels seen in this place.
 G = Mean time per level.
                   A        B        C        D        E       F      G
               +--------+--------+--------+--------+--------+-----+--------+
         Total |   5987 |   5858 |    129 |   3020 |    992 |   5 | 1197.4 |
       Dungeon |   5987 |   5858 |    129 |   3020 |    992 |   5 | 1197.4 |
               +--------+--------+--------+--------+--------+-----+--------+

Top non-repeatable levels by time:
     D:4: 1656 daAuts
     D:2: 1381 daAuts
     D:3: 1201 daAuts
     D:1: 1180 daAuts
     D:5: 567 daAuts
